 Dungeon Crawl Stone Soup version 0.32-a0-41-gec2d92a32c (webtiles) character file.

Game seed: 10830484341902891789

1270 senseless the Shooter (level 8, 0/100 HPs)
             Began as a Demigod Hunter on Jan 26, 2024.
             Engulfed by a cloud of steam (4 damage)
             ... on level 7 of the Dungeon.
             The game lasted 00:13:54 (4926 turns).

senseless the Shooter (Demigod Hunter)              Turns: 4926, Time: 00:13:57

Health: 0/100      AC: 24    Str: 12    XL:     8   Next: 7%
Magic:  0/10       EV:  2    Int: 11    God:
Gold:   113        SH:  0    Dex: 31    Spells: 7/7 levels left

rFire   . . .        a - +1 shortbow (flame)
rCold   . . .        (shield currently unavailable)
rNeg    . . .        m - melded +1 leather armour {rN+}
rPois   +            (helmet currently unavailable)
rElec   .            (cloak currently unavailable)
rCorr   .            d - melded +0 pair of gloves
SInv    .            c - melded +1 pair of boots {Fly}
Will    .....        r - amulet of guardian spirit
Stlth   ++++         b - +6 ring of dexterity
HPRegen 0.36/turn    (no ring)
MPRegen 0.12/turn

%: guardian spirit
@: tree-form
A: stationary, stasis, torment immunity, boosted hp, high MP 1, forlorn, divine
attributes
a: no special abilities


You were on level 7 of the Dungeon.
You were a tree.
You visited 1 branch of the dungeon, and saw 7 of its levels.

You collected 314 gold pieces.
You spent 201 gold pieces at shops.

Inventory:

Hand Weapons
 a - a +1 shortbow of flaming (weapon)
 e - a +1 whip of electrocution
Armour
 c - a +1 pair of boots of flying (melded)
 d - a +0 pair of gloves (melded)
 l - a +0 robe of fire resistance
 m - a +1 leather armour of positive energy (melded)
Jewellery
 b - a +6 ring of dexterity (left branch)
 r - an amulet of guardian spirit (around neck)
Wands
 o - a wand of iceblast (7)
 s - a wand of mindburst (15)
Scrolls
 f - a scroll of identify
 g - 2 scrolls of brand weapon
 j - a scroll of silence
 k - a scroll of blinking
 n - a scroll of teleportation
 q - 2 scrolls of revelation
Potions
 p - a potion of mutation


   Skills:
 + Level 4.8 Fighting
 + Level 5.8 Ranged Weapons
 + Level 4.8 Dodging
 + Level 4.9 Stealth


You had 7 spell levels left.
You didn't know any spells.
Your spell library was empty.

Dungeon Overview and Level Annotations

Branches:
Dungeon (7/15)             Temple (0/1) D:4

Shops:
D:2 [


Innate Abilities, Weirdness & Mutations

You are a tree.
Your roots penetrate the ground, keeping you stationary.
You cannot be teleported.
You are immune to unholy pain and torment.
Your maximum health is greatly increased.
Your equipment is partially melded.
You have an increased reservoir of magic. (+10% MP)
You shall have no god before yourself.
Your divine heritage dramatically boosts your attributes as you level up.


Message History

The arrow burns the steam dragon.
The steam dragon is lightly wounded.
You feel sick.
The steam dragon bites you but does no damage.
The steam dragon claws you but does no damage.
You shoot an arrow.
The arrow hits the steam dragon but does no damage.
The steam dragon is lightly wounded.
You feel sick.
You are no longer poisoned.
The steam dragon breathes steam at you. The ball of steam hits you!
* * * LOW HITPOINT WARNING * * *
You feel better.
You are engulfed in a cloud of scalding steam.
* * * LOW HITPOINT WARNING * * *
The steam dragon bites you but does no damage.
The steam dragon claws you but does no damage.
You shoot an arrow. The arrow hits the steam dragon.
The arrow burns the steam dragon.
The steam dragon is moderately wounded.
You are engulfed in a cloud of scalding steam.
The steam dragon barely misses you.
The steam dragon claws you but does no damage.
You shoot an arrow. The arrow hits the steam dragon.
The arrow burns the steam dragon.
The steam dragon is heavily wounded.
You are engulfed in a cloud of scalding steam.
* * * LOW HITPOINT WARNING * * *
The steam dragon bites you but does no damage.
The steam dragon claws you but does no damage.
Okay, then.
Okay, then.
Aiming: Mindburst
Press: ? - help, Shift-Dir - straight line, f/p - steam dragon
Aim: a steam dragon (heavily wounded, chance to affect: 64%)
The steam dragon's mind is blasted!!
You blow up the steam dragon!
You are engulfed in a cloud of scalding steam.
You die...

#.# #.# #.# #.# #.#
.# #.# ..## #.###
...## #...# # #...
###♣# #.....###
##†##### ....#...#
##.o....##
#5.D...###.>......#
#o..#..........#
#.#............#
#...#..........#
..................#
...#...##..........#


You could see an orc warrior.

Vanquished Creatures
  A human (D:4)
  A steam dragon (D:7)
  Menkaure (D:7)
  A water moccasin (D:7)
  An ogre (D:6)
  A phantom (D:5)
  A gnoll sergeant (D:5)
  2 scorpions
  3 howler monkeys (D:7)
  2 bombardier beetles
  3 jellies
  4 orc priests
  An iguana (D:5)
  2 orc wizards (D:6)
  5 gnolls
  11 adders
  A shadow imp (D:6)
  2 dart slugs
  8 orcs
  8 endoplasms
  A giant cockroach (D:4)
  9 goblins
  12 hobgoblins
  2 jackals (D:1)
  4 kobolds
  8 ball pythons
  5 bats
  2 frilled lizards
  A goblin skeleton (D:4)
  6 rats
109 creatures vanquished.

Vanquished Creatures (others)
  A hobgoblin (D:4)
1 creature vanquished.

Grand Total: 110 creatures vanquished

Notes
Turn   | Place    | Note
-------+----------+-------------------------------------------
     0 | D:1      | senseless the Demigod Hunter began the quest for the Orb.
     0 | D:1      | Reached XP level 1. HP: 17/17 MP: 3/3
   105 | D:1      | Reached skill level 1 in Stealth
   274 | D:1      | Reached XP level 2. HP: 23/24 MP: 4/4
   905 | D:2      | Reached XP level 3. HP: 27/29 MP: 5/5
  1095 | D:2      | Found Ongegod's Antique Armour Shoppe.
  1217 | D:2      | Bought a glowing robe for 66 gold pieces
  1305 | D:3      | Reached skill level 4 in Ranged Weapons
  1424 | D:3      | You fall into a shaft and drop 3 floors!
  1468 | D:5      | Entered Level 5 of the Dungeon
  1500 | D:4      | Reached XP level 4. HP: 37/37 MP: 6/6
  2211 | D:4      | Noticed a black bear
  2638 | D:4      | Reached XP level 5. HP: 44/44 MP: 7/7
  2738 | D:4      | Found a staircase to the Ecumenical Temple.
  2787 | D:4      | Found a runed translucent door.
  2787 | D:4      | Noticed a human
  3083 | D:4      | Killed a human
  3119 | D:5      | Reached XP level 6. HP: 51/51 MP: 8/8
  3338 | D:5      | Reached skill level 5 in Ranged Weapons
  3451 | D:2      | Bought a pair of embroidered boots for 135 gold pieces
  3635 | D:5      | Reached XP level 7. HP: 58/58 MP: 9/9
  4745 | D:7      | Noticed Menkaure
  4747 | D:7      | Killed Menkaure
  4900 | D:7      | Noticed a steam dragon
  4919 | D:7      | Reached XP level 8. HP: 13/67 MP: 3/10
  4922 | D:7      | HP: 1/100 [steam dragon/ball of steam (14)]
  4926 | D:7      | Engulfed by a cloud of steam

Illustrated notes

Levels and vault maps discovered:
D:1:      dpeg_arrival_snail, layout_basic, serial_curves, eino_curves_03,
          eino_curves_04
D:2:      layout_rooms, serial_shops, nicolae_shop_trees,
          chequers_serial_rivers_micro_d
D:3:      layout_loops_ring, minmay_quantized
D:4:      layout_loops_ring, dk_yredelemnul_ordeal, grunt_qazlal_sundering,
          minmay_temple_entry_mist, minmay_close_crescents
D:5:      layout_loops_cross, mainiacjoe_overflow_six_doors_small
D:6:      layout_cave_pods
D:7:      layout_rooms, nicolae_overflow_hidden_temple,
          nicolae_vehumet_radiance, minmay_fractal_squares_5, uniq_menkaure

Skill      XL: |  1  2  3  4  5  6  7 |
---------------+----------------------+-----
Stealth        | 1 2 3 4 |  4.9
Fighting       | 2 3 4 |  4.8
Dodging        | 2 3 4 |  4.8
Ranged Weapons | 4 5 |  5.8

Action                     |  1- 3 |  4- 6 |  7- 9 || total
---------------------------+-------+-------+-------++-------
   Fire: Shortbow          |   121 |   180 |    74 ||   375
  Evoke: Wand              |       |       |     1 ||     1
    Use: Scroll            |       |    10 |     6 ||    16
         Potion            |       |     2 |     2 ||     4
 Armour: Leather armour    |    32 |    55 |    20 ||   107
         Skin              |       |       |    15 ||    15
  Dodge: Dodged            |    35 |    58 |    38 ||   131

Table legend: (Time is in decaauts)
 A = Elapsed time spent in this place.
 B = Non-inter-level travel time spent in this place.
 C = Inter-level travel time spent in this place.
 D = Time resting spent in this place.
 E = Time spent auto-exploring this place.
 F = Levels seen in this place.
 G = Mean time per level.
                   A        B        C        D        E       F      G
               +--------+--------+--------+--------+--------+-----+--------+
         Total |   5012 |   4644 |    368 |    251 |   3601 |   7 |  716.0 |
       Dungeon |   5012 |   4644 |    368 |    251 |   3601 |   7 |  716.0 |
               +--------+--------+--------+--------+--------+-----+--------+

Top non-repeatable levels by time:
     D:3: 894 daAuts
     D:4: 872 daAuts
     D:1: 813 daAuts
     D:6: 810 daAuts
     D:5: 761 daAuts
     D:2: 666 daAuts
     D:7: 194 daAuts
